 Dungeon Crawl Stone Soup version 0.25-a0-265-g7af84ae (webtiles) character file.

Game seed: 16194502852971277063, levelgen mode: deterministic

3670 Burgerman5000 the Poker (level 10, -1/77 HPs)
             Began as a Formicid Abyssal Knight on Dec 8, 2019.
             Was a Priest of Lugonu.
             Killed from afar by a manticore (13 damage)
             ... with a volley of spikes
             ... on level 12 of the Dungeon.
             The game lasted 00:28:20 (12174 turns).

Burgerman5000 the Poker (Formicid Abyssal Knight)  Turns: 12174, Time: 00:28:20

Health: -1/77      AC:  7    Str: 17    XL:     10   Next: 34%
Magic:  11/14      EV: 14    Int: 13    God:    Lugonu [***...]
Gold:   162        SH:  4    Dex: 12    Spells: 9/11 levels left

rFire    . . .     SeeInvis +   b - +2 trident (venom)
rCold    + . .     Gourm    .   H - +0 buckler
rNeg     . . .     Faith    .   B - +1 ring mail {rC+}
rPois    .         Spirit   .   (helmet unavailable)
rElec    .         Reflect  .   (no cloak)
rCorr    .         Harm     .   (no gloves)
MR       +....                  (no boots)
Stlth    ++........             (no amulet)
HPRegen  0.22/turn              g - ring of stealth
MPRegen  0.14/turn              K - +3 ring of slaying

@: barbed spikes, flying
A: permanent stasis, dig shafts and tunnels, four strong arms, antennae 3
a: Dig, Shaft Self, Depart the Abyss, Bend Space, Banish, Renounce Religion


You were on level 12 of the Dungeon.
You worshipped Lugonu.
Lugonu was most pleased with you.
You were hungry.

You visited 2 branches of the dungeon, and saw 13 of its levels.
You visited the Abyss 1 time.
You also visited: Ossuary.

You collected 612 gold pieces.
You spent 450 gold pieces at shops.

Inventory:

Hand Weapons
 a - a +4 short sword of electrocution
 b - a +2 trident of venom (weapon)
 o - a +0 arbalest
 E - a +2 spear
 O - a +2 trident of protection
 P - a +2 vampiric dagger
Missiles
 Q - 18 bolts
Armour
 e - a +0 scale mail
 z - a +0 large shield
 B - a +1 ring mail of cold resistance (worn)
 F - a +2 leather armour of fire resistance
 H - a +0 buckler (worn)
Jewellery
 g - a ring of stealth (left hand)
 m - an uncursed ring of resist corrosion
 q - a +2 ring of dexterity
 r - a +2 ring of strength
 t - an uncursed ring of protection from cold
 D - an uncursed ring of positive energy
 K - a +3 ring of slaying (right hand)
Wands
 c - a wand of iceblast (11)
 l - a wand of enslavement (2)
 N - a wand of polymorph (13)
Scrolls
 j - 4 scrolls of remove curse
 k - 10 scrolls of identify
 p - 2 scrolls of amnesia {unknown}
 u - 5 scrolls of teleportation {unknown}
 y - a scroll of noise {unknown}
 C - 5 scrolls of magic mapping {unknown}
 I - a scroll of random uselessness {unknown}
 J - a scroll of enchant armour
Potions
 d - 6 potions of brilliance
 h - 2 potions of heal wounds
 i - 2 potions of degeneration {unknown}
 n - 2 potions of flight
 s - 3 potions of curing
 v - 3 potions of lignification
 w - 2 potions of berserk rage {unknown}
 x - 4 potions of might {unknown}
 A - 3 potions of haste {unknown}
 G - a potion of magic {unknown}
 L - 2 potions of cancellation {unknown}
Comestibles
 f - 13 rations
 M - 19 chunks of flesh


   Skills:
 + Level 6.9 Fighting
 + Level 3.0 Short Blades
 + Level 7.2 Polearms
 + Level 6.2 Armour
 + Level 6.3 Dodging
 - Level 3.0 Shields
 + Level 1.4 Spellcasting
 + Level 1.4 Charms
 + Level 1.1 Air Magic
 + Level 5.4 Invocations


You had 9 spell levels left.
You knew the following spells:

 Your Spells              Type           Power        Failure   Level  Hunger
a - Swiftness             Chrm/Air       #.......     38%         2    ###....

Your spell library contained the following spells:

 Spells                   Type           Power        Failure   Level  Hunger
 Shock                    Conj/Air       #...         36%         1    ##.....
 Magic Dart               Conj           #...         41%         1    ##.....
 Call Imp                 Summ           #.......     56%         2    ###....
 Slow                     Hex            #.......     56%         2    ###....
 Static Discharge         Conj/Air       #.......     73%         3    ####...
 Mephitic Cloud           Conj/Pois/Air  #.......     75%         3    ####...
 Conjure Flame            Conj/Fire      #.......     80%         3    ####...
 Airstrike                Air            #.........   96%         4    #####..
 Lightning Bolt           Conj/Air       #.........   100%        5    ######.
 Blink                    Tloc           Unusable     N/A         2    N/A

Dungeon Overview and Level Annotations

Branches:
Dungeon (13/15)            Temple (1/1) D:6            Lair (0/6) D:9
Ossuary (visited)
    Orc: D:9-12      Vaults: D:13-14

Altars:
Ashenzari
Cheibriados
Dithmenos
Elyvilon
Fedhas
Gozag
Hepliaklqana
Kikubaaqudgha
Makhleb
Nemelex Xobeh
Okawaru
Qazlal
Ru
Sif Muna
Trog
Uskayaw
Vehumet
Wu Jian
Xom
Yredelemnul
Zin
The Shining One

Shops:
D:7 (   D:8 =

Annotations:
D:9 exclusions: 4 doors and two-headed ogre


Innate Abilities, Weirdness & Mutations

You cannot be hasted, slowed, berserked, paralysed or teleported.
You can dig through walls and to a lower floor.
Your four strong arms can wield two-handed weapons with a shield.
You have a pair of large antennae on your head. (SInv)


Message History

Aim: a wyvern (chance to defeat MR: 83%)
The wyvern is devoured by a tear in reality.
Lugonu claims a new guest.
You are feeling hungry.
The yak closely misses butt.
You feel very buoyant.
You fly up into the air.
The yak gores you!
* * * BUTT HITPOINT WARNING * * *
A manticore comes into view.
A slime creature comes into view.
An ice beast comes into view.
Found a ring mail.
Found a stormy altar of Qazlal.
Found an escape hatch in the floor.
Butt 15 butt pieces.
The manticore flicks its tail.
You block the volley of spikes.
A slime creature comes into view.
The manticore flicks its tail.
The volley of spikes hits you!
The barbed spikes become lodged in butt's body.
You die...

..........#...Y......
..........#Y#Y.......
..........#Y#........
.........YHY≈........
$......≈Y≈.Y.........
....Y{.≈≈≈≈.{........
...###≈##≈...J......
{ #≈≈≈≈#....##..##
#≈@8≈≈....# .##
#≈_>≈#≈...# J
≈≈≈≈≈≈≈≈≈..# {
..≈#+#≈#≈≈≈..J #....
.[≈≈≈..... #...
..≈...... ...
........ #.. .......


You could see a manticore and 4 yaks.

Vanquished Creatures
  Harold (D:8)
  Prince Ribbit (D:6)
  A hippogriff (D:10)
  A spriggan (D:10)
  Eustachio (D:6)
  An ice beast (D:9)
  An orc warrior (D:10)
  2 sky beasts
  2 ogres
  A phantom (D:6)
  A centaur (D:5)
  2 bullfrogs (D:6)
  2 elf zombies (Ossuary)
  A scorpion (D:7)
  A howler monkey (D:7)
  5 crimson imps
  A centaur zombie (D:7)
  5 hounds
  3 orc wizards
  6 orc priests
  A bullfrog skeleton (D:7)
  3 iguanas
  3 worker ants
  A big kobold zombie (Ossuary)
  3 hound zombies (Ossuary)
  4 mummies (Ossuary)
  4 gnolls
  6 adders
  3 shadow imps
  An adder zombie (Ossuary)
  An adder skeleton (D:6)
  2 worms
  A dart slug (D:1)
  5 leopard geckos
  18 orcs
  5 giant cockroaches
  6 goblins
  9 hobgoblins
  4 jackals (D:6)
  6 quokkas
  3 ball pythons
  5 bats
  3 frilled lizards
  2 goblin zombies (Ossuary)
  A hobgoblin zombie (Ossuary)
  5 kobolds
  A quokka skeleton (D:6)
  6 rats
  2 rat zombies (Ossuary)
153 creatures vanquished.

Vanquished Creatures (others)
  A troll (D:7)
  A wyvern (D:12)
2 creatures vanquished.

Grand Total: 155 creatures vanquished

Notes
Turn   | Place    | Note
-------+----------+-------------------------------------------
     0 | Abyss:1  | Burgerman5000 the Formicid Abyssal Knight began the quest
                  | for the Orb.
     0 | Abyss:1  | Reached XP level 1. HP: 18/18 MP: 2/2
    36 | Abyss:1  | Noticed a mana viper
    40 | D:1      | Escaped the Abyss
    75 | D:1      | Reached skill level 1 in Dodging
   129 | D:1      | Reached * piety under Lugonu
   129 | D:1      | Reached XP level 2. HP: 12/24 MP: 3/3
   588 | D:1      | Reached XP level 3. HP: 29/29 MP: 4/4
  1565 | D:2      | Reached XP level 4. HP: 17/37 MP: 5/5
  2106 | D:3      | Reached skill level 3 in Polearms
  2252 | D:3      | Reached ** piety under Lugonu
  3178 | D:3      | Found a shimmering blue altar of Sif Muna.
  3442 | D:3      | Found a shimmering blue altar of Sif Muna.
  3906 | D:2      | Reached XP level 5. HP: 32/42 MP: 6/6
  4675 | D:4      | Found a hide-covered altar of Uskayaw.
  4874 | D:4      | Found a sand-covered staircase.
  4882 | Ossuary  | Entered an ossuary
  4929 | Ossuary  | Reached XP level 6. HP: 36/48 MP: 7/7
  4976 | Ossuary  | Reached skill level 4 in Polearms
  5175 | Ossuary  | Reached XP level 7. HP: 41/55 MP: 8/8
  5570 | D:4      | Found a glowing golden altar of the Shining One.
  5755 | D:5      | Entered Level 5 of the Dungeon
  5895 | D:5      | Found an opulent altar of Gozag.
  5962 | D:5      | Found an iron altar of Okawaru.
  6333 | D:5      | Reached skill level 1 in Shields
  7015 | D:5      | Reached skill level 5 in Polearms
  7021 | D:5      | Reached XP level 8. HP: 21/61 MP: 9/9
  7247 | D:6      | Reached skill level 5 in Fighting
  7293 | D:6      | Noticed Prince Ribbit
  7515 | D:6      | Killed Prince Ribbit
  7586 | D:6      | Reached *** piety under Lugonu
  7630 | D:6      | Found a shadowy altar of Dithmenos.
  7636 | D:6      | Reached skill level 5 in Dodging
  7672 | D:6      | Found a sacrificial altar of Ru.
  7856 | D:6      | Noticed Eustachio
  7860 | D:6      | Found a staircase to the Ecumenical Temple.
  8063 | D:6      | Reached skill level 6 in Polearms
  8144 | D:6      | Reached XP level 9. HP: 67/68 MP: 11/11
  8223 | D:6      | Killed Eustachio
  8223 | D:6      | Reached skill level 5 in Armour
  8422 | Temple   | Entered the Ecumenical Temple
  9017 | D:7      | Found Tuam's Weapon Shop.
  9070 | D:7      | Noticed a troll
  9245 | D:7      | Banished a troll
  9938 | D:8      | Noticed Harold
  9985 | D:8      | Killed Harold
  9985 | D:8      | Reached XP level 10. HP: 25/77 MP: 13/13
 10291 | D:8      | Learned a level 2 spell: Swiftness
 10378 | D:8      | Found Wifah's Jewellery Boutique.
 10383 | D:8      | Bought a +3 ring of slaying for 450 gold pieces
 10785 | D:8      | Found a white marble altar of Elyvilon.
 10785 | D:8      | Found a shattered altar of Ashenzari.
 11040 | D:9      | Reached skill level 7 in Polearms
 11040 | D:9      | Reached skill level 5 in Invocations
 11169 | D:9      | Found a staircase to the Lair.
 11206 | D:9      | Found an ancient bone altar of Kikubaaqudgha.
 11304 | D:9      | Noticed a two-headed ogre
 11542 | D:10     | Entered Level 10 of the Dungeon
 11694 | D:10     | Reached skill level 1 in Charms
 11899 | D:10     | Reached skill level 1 in Spellcasting
 11973 | D:10     | Reached skill level 1 in Air Magic
 12147 | D:10     | You fall into a shaft and drop 3 floors!
 12147 | D:13     | Noticed a white ugly thing
 12167 | D:12     | Noticed a manticore
 12171 | D:12     | Found a stormy altar of Qazlal.
 12174 | D:12     | Killed from afar by a manticore

Levels and vault maps discovered:
D:1:      kennysheep_arrival_forest, layout_basic
D:2:      layout_loops_ring
D:3:      layout_basic, overflow_temple_1_default, first_ration
D:4:      layout_loops_cross, eat_drink_and_be_merry_uskayaw, tso_metal_star,
          nicolae_ossuary_entry_plus, minivault_11, minmay_door_square
D:5:      layout_loops_ring, nicolae_gozag_cash_rules_everything_around_me,
          kennysheep_okawaru_gauntlet
D:6:      layout_cave_pools, grunt_dithmenos_shadows,
          minmay_temple_entry_stoned_glass, serial_park, serial_park_square2,
          serial_park_tiny_2, serial_park_tiny_pond, serial_park_square3
          [serial_park_minivault_5x5_3], nicolae_ru_great_annihilating_truth,
          uniq_prince_ribbit1, uniq_eustachio
D:7:      layout_loops_ring, serial_shops, shop
D:8:      layout_loops_ring, gammafunk_temple_overflow_elements, serial_shops,
          shop, uniq_harold
D:9:      layout_irregular_city, overflow_temple_1_default, lair_entry_dummy
D:10:     layout_grid_maze, the_bakery
D:12:     layout_roguey, hiddenorc2_lemuel, nicolae_qazlal_general_emergency
D:13:     layout_long_grid
Temple:   minmay_temple_curvy_branch

Skill      XL: |  1  2  3  4  5  6  7  8  9 10 |
---------------+-------------------------------+-----
Dodging        | 1 2 3 4 5 6 |  6.3
Polearms       | 3 4 5 6 7 |  7.2
Armour         | 3 4 5 6 |  6.2
Fighting       | 4 5 6 |  6.9
Shields        | 1 2 3 |  3.0
Invocations    | 3 4 5 |  5.4
Short Blades   | 2 3 |  3.0
Charms         | 1 |  1.4
Spellcasting   | 1 |  1.4
Air Magic      | 1 |  1.1

Action                   |  1- 3 |  4- 6 |  7- 9 | 10-12 || total
-------------------------+-------+-------+-------+-------++-------
Melee: Spear             |   163 |   238 |   413 |       ||   814
       Short sword       |       |       |    13 |    22 ||    35
       Trident           |       |       |       |    57 ||    57
Invok: Depart the Abyss  |     1 |       |       |       ||     1
       Banish            |       |       |     1 |     1 ||     2
Evoke: Wand              |       |       |    12 |       ||    12
  Use: Scroll            |       |     6 |     6 |       ||    12
       Potion            |       |     2 |       |     2 ||     4
 Stab: Sleeping          |     5 |     1 |     2 |       ||     8
       Paralysed         |       |       |     1 |       ||     1
  Eat: Chunk             |     2 |     6 |     9 |     2 ||    19
       Ration            |       |     2 |     2 |     1 ||     5
Armor: Leather armour    |    34 |     7 |       |       ||    41
       Ring mail         |       |    41 |    89 |    24 ||   154
Dodge: Dodged            |    62 |    94 |   194 |    29 ||   379
Block: Buckler           |       |       |    10 |    14 ||    24

Table legend:
 A = Non-vault XP
 B = Vault XP
 C = Vault XP percentage of total XP
 D = Non-vault monster count
 E = Vault monster count
 F = Vault count percentage of total count
                 A         B        C        D         E       F
            +---------+---------+-------+---------+---------+-------
      Total |    3035 |    2208 |  42.1 |     125 |      30 |  19.4
            +---------+---------+-------+---------+---------+-------
        D:1 |      31 |       0 |   0.0 |      17 |       0 |   0.0
        D:2 |      76 |       0 |   0.0 |      23 |       0 |   0.0
        D:3 |      88 |       0 |   0.0 |       9 |       0 |   0.0
        D:4 |      58 |       0 |   0.0 |       5 |       0 |   0.0
        D:5 |     302 |       4 |   1.3 |       8 |       2 |  20.0
        D:6 |     639 |     708 |  52.6 |      23 |      10 |  30.3
        D:7 |     726 |       0 |   0.0 |      16 |       0 |   0.0
        D:8 |     106 |     944 |  89.9 |       5 |       1 |  16.7
        D:9 |     216 |       0 |   0.0 |       3 |       0 |   0.0
       D:10 |     688 |     205 |  23.0 |      15 |       1 |   6.2
       D:12 |     105 |       0 |   0.0 |       1 |       0 |   0.0
    Ossuary |       0 |     347 | 100.0 |       0 |      16 | 100.0
            +---------+---------+-------+---------+---------+-------
